[Event "Titled Tuesday Blitz May 16 Early 2023"]
[White "Domingo Nunez, Ruben"]
[Black "Ter-Sahakyan, Samvel"]
[WhiteFideId "22245570"]
[BlackFideId "13302531"]
[WhiteElo "2404"]
[BlackElo "2545"]
[Result "0-1"]
[Round "10"]
[TimeControl "180+2"]
[Date "2023.05.16"]
[WhiteClock "0:00:03"]
[BlackClock "0:00:07"]

1. Nf3 d5 2. g3 b6 3. Bg2 Bb7 4. d4 Nd7 5. O-O Ngf6 6. b3 e6 7. Bb2 Be7 8. c4 O-O 9. Nc3 Rc8 10. cxd5 Nxd5 11. Rc1 c5 12. Nxd5 Bxd5 13. Qd3 Nf6 14. Qa6 cxd4 15. Nxd4 Bc5 16. Nf3 Qe7 17. e3 Bb7 18. Qe2 h6 19. Rfd1 Rfd8 20. Ne5 Bxg2 21. Kxg2 Nd5 22. Qf3 f6 23. Nd3 Ba3 24. Bxa3 Qxa3 25. Qg4 Qe7 26. Nf4 Nxf4+ 27. Qxf4 Qb7+ 28. Qf3 Qe7 29. Qe4 Rxc1 30. Rxc1 Qd7 31. Rc4 e5 32. g4 Kf7 33. h3 Kg8 34. a4 Rc8 35. Rxc8+ Qxc8 36. Qd5+ Kf8 37. b4 Qc7 38. b5 Ke7 39. Kf3 Qd7 40. Ke4 Qc8 41. h4 Qxg4+ 42. Kd3 Qd7 43. Ke4 Qg4+ 44. Kd3 Qxa4 45. Qb7+ Kf8 46. Qc8+ Kf7 47. Qd7+ Kg6 48. Qe8+ Kh7 49. Qc8 Qxb5+ 50. Ke4 Qb1+ 51. Kf3 Qg6 52. Ke2 h5 0-1


[Site "https://www.chess.com"]

[Event "Titled Tuesday Blitz May 16 Early 2023"]
[White "Florescu, Codrut-Constantin"]
[Black "Pap, Gyula"]
[WhiteFideId "1202200"]
[BlackFideId "725323"]
[WhiteElo "2191"]
[BlackElo "2519"]
[Result "0-1"]
[Round "10"]
[TimeControl "180+2"]
[Date "2023.05.16"]
[WhiteClock "0:01:38"]
[BlackClock "0:02:02"]

1. e4 e5 2. Nf3 Nc6 3. Bc4 Nf6 4. d3 d5 5. exd5 Nxd5 6. O-O Nb6 7. Bb5 Bd6 8. Re1 Qe7 9. h3 Bd7 10. d4 e4 11. d5 Nb8 12. Nc3 f5 13. Ng5 O-O 14. Bxd7 N8xd7 15. Ne6 Rfe8 16. Bg5 Qf7 17. f4 Nxd5 18. Qxd5 Qxe6 19. Qxb7 Rab8 20. Qxa7 Bc5+ 0-1


[Site "https://www.chess.com"]

[Event "Titled Tuesday Blitz May 16 Early 2023"]
[White "Drozdowski, Kacper"]
[Black "Arabidze, Meri"]
[WhiteFideId "1136720"]
[BlackFideId "13604040"]
[WhiteElo "2497"]
[BlackElo "2405"]
[Result "1-0"]
[Round "10"]
[TimeControl "180+2"]
[Date "2023.05.16"]
[WhiteClock "0:00:09"]
[BlackClock "0:00:00"]

1. e4 c5 2. Nf3 e6 3. d4 cxd4 4. Nxd4 Nc6 5. Nc3 a6 6. Nxc6 bxc6 7. Bd3 d5 8. O-O Nf6 9. Re1 Be7 10. Qf3 Bb7 11. Qg3 O-O 12. Bh6 Ne8 13. Bf4 Bh4 14. Qh3 h6 15. Rad1 Bg5 16. Qg3 Bxf4 17. Qxf4 Qf6 18. Qg3 Qg5 19. Na4 Qxg3 20. hxg3 Nd6 21. Nc5 Bc8 22. c4 Nb7 23. Na4 Na5 24. b4 dxc4 25. bxa5 cxd3 26. e5 Rb8 27. Nb6 c5 28. Rxd3 Bb7 29. Rc1 Rfd8 30. Rdc3 Rd2 31. R3c2 Rbd8 32. f3 h5 33. a4 Kh7 34. Rxd2 Rxd2 35. Rxc5 Kg6 36. Rc7 Bd5 37. Ra7 Kf5 38. Rxf7+ Kxe5 39. Rxg7 Kd4 40. Rg5 Rd1+ 41. Kh2 Rd2 42. Nxd5 exd5 43. Rxh5 Ke3 44. Rh6 d4 45. Rxa6 d3 46. g4 Ra2 47. Re6+ Kf2 48. Rd6 Ke2 49. g5 Rxa4 50. Kg3 Rxa5 51. f4 d2 52. Kg4 Ra3 53. Rxd2+ Kxd2 54. g6 Ke3 55. f5 Ke4 56. g7 Ra8 57. f6 Ke5 58. f7 Ra4+ 59. Kh3 Ra3+ 60. Kh2 1-0


[Site "https://www.chess.com"]

[Event "Titled Tuesday Blitz May 16 Early 2023"]
[White "Suyarov, Mukhammadzokhid"]
[Black "Colas, Joshua"]
[WhiteFideId "14210495"]
[BlackFideId "2044447"]
[WhiteElo "2361"]
[BlackElo "2347"]
[Result "1-0"]
[Round "10"]
[TimeControl "180+2"]
[Date "2023.05.16"]
[WhiteClock "0:00:31"]
[BlackClock "0:00:08"]

1. d4 d5 2. Nc3 a6 3. Bf4 c6 4. e3 Nf6 5. Nf3 Bg4 6. Be2 e6 7. Ne5 Bxe2 8. Nxe2 Nbd7 9. O-O Nxe5 10. dxe5 Nh5 11. h3 Nxf4 12. Nxf4 g6 13. Nd3 Bg7 14. Qe2 O-O 15. e4 dxe4 16. Qxe4 Qd5 17. Rfe1 Qxe4 18. Rxe4 Rfd8 19. a4 b5 20. Kf1 Rd5 21. f4 Bf8 22. Ke2 Rb8 23. axb5 axb5 24. b3 c5 25. g4 h6 26. Ra7 Rc8 27. Nb2 Rcd8 28. Nd3 Rc8 29. c4 bxc4 30. bxc4 Rdd8 31. Kd2 Rb8 32. Kc2 Rb6 33. Re1 Rd4 34. Kc3 Rb8 35. Rd1 Rbd8 36. Raa1 g5 37. f5 exf5 38. gxf5 Bg7 39. f6 Bf8 40. Nf2 Kh7 41. Rxd4 cxd4+ 42. Kd3 Kg6 43. Ra7 h5 44. Ke4 Bc5 45. Ra5 Bf8 46. Ra7 Rc8 47. Kd3 Re8 48. Ra5 Rb8 49. Kxd4 Kf5 50. Ne4 Kf4 51. e6 fxe6 52. Nxg5 e5+ 53. Rxe5 Rd8+ 54. Rd5 Rxd5+ 55. cxd5 Kxg5 56. Ke5 Ba3 57. h4+ Kg6 58. Ke6 Bb2 59. f7 Kg7 60. d6 Bf6 61. f8=Q+ Kxf8 62. Kxf6 Ke8 63. Kg6 Kd7 64. Kxh5 Kxd6 65. Kg6 Ke7 66. Kg7 1-0


[Site "https://www.chess.com"]

[Event "Titled Tuesday Blitz May 16 Early 2023"]
[White "Orlov, Georgi"]
[Black "Kravtsiv, Martyn"]
[WhiteFideId "2011271"]
[BlackFideId "14113147"]
[WhiteElo "2645"]
[BlackElo "2695"]
[Result "0-1"]
[Round "10"]
[TimeControl "180+2"]
[Date "2023.05.16"]
[WhiteClock "0:00:12"]
[BlackClock "0:01:33"]

1. d4 d5 2. Nf3 e6 3. c4 Nf6 4. Nc3 Bb4 5. cxd5 exd5 6. Bg5 h6 7. Bh4 O-O 8. e3 Bf5 9. Qb3 c5 10. Bxf6 Qxf6 11. a3 Bxc3+ 12. bxc3 b6 13. Qxd5 Nc6 14. Bb5 Na5 15. Qe5 Qxe5 16. Nxe5 Rac8 17. O-O f6 18. Nf3 cxd4 19. cxd4 Rc3 20. Ra2 Rfc8 21. Ba6 R8c7 22. d5 Nb3 23. Rb2 Kf8 24. Bb5 Bd3 25. Bxd3 Rxd3 26. e4 Nc5 27. Re1 Rxa3 28. Rc2 Re7 29. d6 Rd7 30. e5 fxe5 31. Nxe5 Rxd6 32. Nc4 Re6 33. Rd1 Rd3 34. Ra1 Nb3 35. Rb1 Nd4 36. Rcc1 Ne2+ 0-1


[Site "https://www.chess.com"]

[Event "Titled Tuesday Blitz May 16 Early 2023"]
[White "Sarana, Alexey"]
[Black "Zherebukh, Yaroslav"]
[WhiteFideId "24133795"]
[BlackFideId "14116804"]
[WhiteElo "2714"]
[BlackElo "2531"]
[Result "1-0"]
[Round "10"]
[TimeControl "180+2"]
[Date "2023.05.16"]
[WhiteClock "0:00:03"]
[BlackClock "0:00:03"]

1. c4 Nf6 2. d4 g6 3. Nc3 d5 4. cxd5 Nxd5 5. e4 Nxc3 6. bxc3 Bg7 7. Be3 c5 8. Qd2 Qa5 9. Rc1 O-O 10. d5 e6 11. c4 Qxd2+ 12. Kxd2 b6 13. Bd3 f5 14. f3 Nd7 15. Ne2 fxe4 16. fxe4 exd5 17. exd5 Ne5 18. Ng3 Nxd3 19. Kxd3 Ba6 20. Bg5 Rf2 21. d6 h6 22. Be7 Bf8 23. Ne4 Rf7 24. Nf6+ Kg7 25. Nd5 Bb7 26. Rhe1 Bxe7 27. Rxe7 Rxe7 28. dxe7 Re8 29. Re1 Kf7 30. Rf1+ Kg7 31. a4 Bc6 32. Re1 Kf7 33. Rf1+ Kg7 34. h4 Bxa4 35. Ra1 b5 36. Ke4 a6 37. Ke5 Bb3 38. Kd6 Bxc4 39. Nc7 Kf7 40. Nxe8 Kxe8 41. Rxa6 1-0


[Site "https://www.chess.com"]

[Event "Titled Tuesday Blitz May 16 Early 2023"]
[White "Sokolovsky, Yahli"]
[Black "Pacan-Milej, Kosma"]
[WhiteFideId "2820242"]
[BlackFideId "21800537"]
[WhiteElo "2389"]
[BlackElo "2302"]
[Result "1-0"]
[Round "10"]
[TimeControl "180+2"]
[Date "2023.05.16"]
[WhiteClock "0:00:08"]
[BlackClock "0:00:00"]

1. b3 e5 2. Bb2 Nc6 3. e3 g6 4. Nf3 Bg7 5. b4 a6 6. c4 Nge7 7. b5 axb5 8. cxb5 Nb4 9. Bxe5 Bxe5 10. Nxe5 d6 11. Nxf7 Kxf7 12. Qb3+ Nbd5 13. e4 Re8 14. Bc4 Be6 15. exd5 Nxd5 16. O-O Nf4 17. Qf3 Qf6 18. Bxe6+ Rxe6 19. Nc3 Ne2+ 20. Nxe2 Qxf3 21. gxf3 Rxe2 22. Rfc1 c5 23. bxc6 bxc6 24. Rc2 Ra3 25. Kf1 Re5 26. Rxc6 Rxf3 27. Rc3 Rf4 28. a4 Ra5 29. Rca3 Ke6 30. f3 Kd5 31. Kf2 Kc5 32. Ke3 g5 33. Rg1 h6 34. Rg4 Kb4 35. Rd3 Re5+ 36. Kf2 Rxg4 37. fxg4 Kxa4 38. Rxd6 Re4 39. h3 Kb4 40. Rxh6 Kc4 41. Rh5 Re5 42. h4 1-0


[Site "https://www.chess.com"]

[Event "Titled Tuesday Blitz May 16 Early 2023"]
[White "Manukyan, Sargis A."]
[Black "Boyer, Mahel"]
[WhiteFideId "13303970"]
[BlackFideId "45102422"]
[WhiteElo "2187"]
[BlackElo "2439"]
[Result "0-1"]
[Round "10"]
[TimeControl "180+2"]
[Date "2023.05.16"]
[WhiteClock "0:00:20"]
[BlackClock "0:00:03"]

1. d4 d6 2. c4 e5 3. dxe5 dxe5 4. Qxd8+ Kxd8 5. Nc3 c6 6. Bd2 Be6 7. e3 Nd7 8. O-O-O Kc7 9. f4 h6 10. Nf3 Ngf6 11. h3 Bd6 12. fxe5 Bxe5 13. Nxe5 Nxe5 14. b3 Rad8 15. Kc2 Bf5+ 16. Kc1 Ne4 17. Nxe4 Bxe4 18. Bc3 Rxd1+ 19. Kxd1 Rd8+ 20. Ke1 f6 21. Bxe5+ fxe5 22. Be2 g5 23. h4 Bxg2 24. Rg1 Be4 25. hxg5 Rg8 26. Rf1 Rxg5 27. Rf7+ Kb6 28. b4 a6 29. c5+ Ka7 30. Bc4 Rg1+ 31. Kd2 Rg2+ 32. Ke1 Rb2 33. a3 Rb1+ 34. Kf2 Ra1 35. Be6 Kb8 36. Rf8+ Ka7 37. Bc8 Ra2+ 38. Kg1 Bd5 39. Re8 Rxa3 40. Re7 Rxe3 41. Bxb7 Kb8 42. Bxa6 Re1+ 43. Kf2 Rb1 44. Rb7+ Ka8 45. Rb6 Ka7 46. Bb7 h5 47. Bc8 Rb2+ 48. Ke3 h4 49. Kd3 h3 50. Rb7+ Ka8 51. Kc3 h2 52. Kxb2 h1=Q 53. Rb6 Qg2+ 54. Kc3 Qf3+ 55. Kd2 Qf4+ 56. Ke2 Bc4+ 57. Ke1 Qf1+ 58. Kd2 Qd3+ 59. Kc1 Qc3+ 60. Kb1 Bd3+ 61. Ka2 Bc4+ 62. Kb1 Bd3+ 63. Ka2 Qc2+ 64. Ka3 Qc1+ 65. Kb3 Qb1+ 66. Kc3 Qc2# 0-1


[Site "https://www.chess.com"]

[Event "Titled Tuesday Blitz May 16 Early 2023"]
[White "Skliarov, Viktor"]
[Black "Fernandez Guillen, Ernesto J."]
[WhiteFideId "14106736"]
[BlackFideId "3512428"]
[WhiteElo "2317"]
[BlackElo "2429"]
[Result "1-0"]
[Round "10"]
[TimeControl "180+2"]
[Date "2023.05.16"]
[WhiteClock "0:00:17"]
[BlackClock "0:00:00"]

1. e4 e5 2. Nc3 Nc6 3. Bc4 g6 4. a3 Bg7 5. d3 d6 6. Nge2 Nge7 7. O-O O-O 8. f4 Be6 9. Bxe6 fxe6 10. Ng3 exf4 11. Bxf4 e5 12. Bg5 Qd7 13. Qd2 Nd4 14. h3 Ne6 15. Bh6 c6 16. Bxg7 Kxg7 17. Rxf8 Rxf8 18. Rf1 Rxf1+ 19. Kxf1 d5 20. Nce2 Qc7 21. Qc3 Kf7 22. exd5 cxd5 23. Qxc7 Nxc7 24. d4 e4 25. Kf2 Ke6 26. Nf1 Nb5 27. Ne3 g5 28. a4 Nd6 29. b3 Ndf5 30. g4 Nxe3 31. Kxe3 a6 32. c4 h5 33. Nc3 h4 34. cxd5+ Kf6 35. Nxe4+ Kg6 36. d6 Nd5+ 37. Kd3 Nf4+ 38. Kc4 Kf7 39. Nxg5+ Kf6 40. Nf3 Nxh3 41. Kc5 Nf4 42. Nxh4 Ke6 43. Kb6 Kxd6 44. Kxb7 a5 45. Kb6 Kd5 46. Kxa5 Kxd4 47. Kb5 Kd5 48. a5 Kd6 49. Kb6 Nd5+ 50. Kb7 Ne7 51. a6 Nc6 52. Nf5+ Kc5 53. a7 Na5+ 54. Ka6 1-0


[Site "https://www.chess.com"]

[Event "Titled Tuesday Blitz May 16 Early 2023"]
[White "Manukyan, Sargis V."]
[Black "Hayrapetyan, Hovik"]
[WhiteFideId "13303465"]
[BlackFideId "13302639"]
[WhiteElo "2236"]
[BlackElo "2348"]
[Result "1-0"]
[Round "10"]
[TimeControl "180+2"]
[Date "2023.05.16"]
[WhiteClock "0:00:17"]
[BlackClock "0:00:00"]

1. d4 Nf6 2. c4 e6 3. Nc3 Bb4 4. e3 O-O 5. Ne2 d5 6. a3 Be7 7. Nf4 Re8 8. Bd3 b6 9. cxd5 exd5 10. O-O Bb7 11. b4 c6 12. Ra2 Nbd7 13. Re2 Bd6 14. f3 a5 15. e4 axb4 16. axb4 dxe4 17. fxe4 Bxb4 18. Qb3 Bxc3 19. Qxc3 c5 20. d5 Ne5 21. Bb5 Re7 22. Nd3 Nxd3 23. Qxd3 Ng4 24. Qg3 Ne5 25. Bg5 Qd6 26. Bf6 g6 27. Ref2 Rae8 28. Qh4 h5 29. Qg5 Kh7 30. Bxe8 Rxe8 31. Bxe5 1-0


[Site "https://www.chess.com"]

[Event "Titled Tuesday Blitz May 16 Early 2023"]
[White "Bocharov, Dmitry"]
[Black "Weishaeutel, Moritz"]
[WhiteFideId "4138716"]
[BlackFideId "12967300"]
[WhiteElo "2469"]
[BlackElo "2301"]
[Result "0-1"]
[Round "10"]
[TimeControl "180+2"]
[Date "2023.05.16"]
[WhiteClock "0:00:05"]
[BlackClock "0:00:10"]

1. c4 e6 2. g3 d5 3. Bg2 Nf6 4. Nf3 Be7 5. b3 O-O 6. Bb2 c5 7. cxd5 exd5 8. d4 Nc6 9. O-O Bg4 10. dxc5 Bxc5 11. Nc3 a6 12. Rc1 Ba7 13. Na4 d4 14. Nc5 Qe7 15. Nxb7 Rac8 16. Rxc6 Rxc6 17. Na5 Re6 18. Bxd4 Bxd4 19. Nxd4 Bxe2 20. Nxe2 Rxe2 21. Nc6 Qe8 22. a4 Re6 23. Qc1 Ne4 24. Nd4 Re7 25. b4 Qxa4 26. Nf5 Re5 27. Bxe4 Rxe4 28. Qc3 f6 29. Qc7 Rf7 30. Qb8+ Re8 31. Qb6 Qd7 32. Nd6 Re6 33. Rd1 Rf8 34. Qxa6 Rd8 35. Qc4 Kf8 0-1


[Site "https://www.chess.com"]

[Event "Titled Tuesday Blitz May 16 Early 2023"]
[White "Santos Ruiz, Miguel"]
[Black "Ibadov, Dashgyn"]
[WhiteFideId "22291482"]
[BlackFideId "24107514"]
[WhiteElo "2499"]
[BlackElo "2208"]
[Result "1-0"]
[Round "10"]
[TimeControl "180+2"]
[Date "2023.05.16"]
[WhiteClock "0:00:22"]
[BlackClock "0:00:00"]

1. e4 e6 2. d4 d5 3. Nd2 c5 4. Ngf3 cxd4 5. Nxd4 Nf6 6. exd5 Qxd5 7. N2f3 Be7 8. Nb5 Qxd1+ 9. Kxd1 Na6 10. Be3 b6 11. Bd4 Bb7 12. c3 O-O 13. Be2 Rfd8 14. Kc2 Nd5 15. Rhd1 Nf4 16. Bf1 Be4+ 17. Kc1 Nc5 18. Ne1 a6 19. Na3 b5 20. Nac2 Rac8 21. g3 Nd5 22. Bg2 Bxg2 23. Nxg2 f6 24. f4 Ne4 25. Re1 f5 26. a3 a5 27. Nge3 b4 28. axb4 axb4 29. Nxd5 exd5 30. Re3 b3 31. Ra7 Bf8 32. Na1 Rb8 33. Be5 Rb5 34. Rd3 Re8 35. Kb1 g5 36. Rd7 gxf4 37. gxf4 Re7 38. R7xd5 Rxd5 39. Rxd5 Bg7 40. Nxb3 Bxe5 41. Rxe5 Rd7 42. Nd4 Nd6 43. Nxf5 Nc4 44. Rc5 Nd2+ 45. Kc2 Ne4 46. Rd5 Rf7 47. Nd6 Rd7 48. Nxe4 Rxd5 49. Nf6+ Kf7 50. Nxd5 1-0


[Site "https://www.chess.com"]

[Event "Titled Tuesday Blitz May 16 Early 2023"]
[White "Moksh Amit Doshi"]
[Black "Tanenbaum, Zachary"]
[WhiteFideId "25064967"]
[BlackFideId "2060850"]
[WhiteElo "2297"]
[BlackElo "2175"]
[Result "1-0"]
[Round "10"]
[TimeControl "180+2"]
[Date "2023.05.16"]
[WhiteClock "0:00:16"]
[BlackClock "0:00:02"]

1. d4 d5 2. Nf3 Nf6 3. Bf4 c5 4. e3 Nc6 5. Nbd2 cxd4 6. exd4 Qb6 7. Nb3 Bg4 8. c3 a5 9. h3 Bxf3 10. Qxf3 a4 11. Nd2 Qxb2 12. Rb1 Qc2 13. Bb5 Ne4 14. O-O Nxd2 15. Qxd5 Qe4 16. c4 e6 17. Qxe4 Nxe4 18. d5 exd5 19. cxd5 Nc3 20. dxc6 O-O-O 21. Ba6 Bd6 22. Rxb7 Bxf4 23. Rxf7+ Kb8 24. Rxf4 Rd6 25. Rc4 Ne2+ 26. Kh2 Nd4 27. c7+ Ka7 28. c8=Q Rxc8 29. Bxc8 a3 30. Bg4 Nb5 31. Rb1 Ka6 32. Ra4+ Kb6 33. Rab4 Rd5 34. Be2 1-0


[Site "https://www.chess.com"]

[Event "Titled Tuesday Blitz May 16 Early 2023"]
[White "Priasmoro, Novendra"]
[Black "Fiorito, Joaquin"]
[WhiteFideId "7105029"]
[BlackFideId "180173"]
[WhiteElo "2412"]
[BlackElo "2157"]
[Result "0-1"]
[Round "10"]
[TimeControl "180+2"]
[Date "2023.05.16"]
[WhiteClock "0:00:47"]
[BlackClock "0:01:21"]

1. e4 c6 2. d4 d5 3. e5 Bf5 4. h4 h5 5. c4 e6 6. Nc3 dxc4 7. Bxc4 Nd7 8. Nge2 Be7 9. Ng3 Bg6 10. Nge4 Nh6 11. Bg5 Nf5 12. Bxe7 Qxe7 13. Be2 O-O-O 14. Qa4 Kb8 15. Rd1 Nb6 16. Qa5 Rxd4 17. Rxd4 Nxd4 18. Nd6 f6 19. Qc5 Nf5 20. Nce4 Nd7 21. Qb4 Nxe5 22. f4 Ng4 23. Ba6 Nxd6 24. Nxd6 Rd8 25. Qxb7+ Qxb7 26. Nxb7 Rd5 27. b4 Ne3 28. Kf2 Nc2 29. Na5 Nxb4 30. Bc4 Rxa5 31. Rb1 Bxb1 0-1


[Site "https://www.chess.com"]

[Event "Titled Tuesday Blitz May 16 Early 2023"]
[White "Lavrik, Dmitry"]
[Black "Martic, Ivan"]
[WhiteFideId "24113190"]
[BlackFideId "929301"]
[WhiteElo "2345"]
[BlackElo "2360"]
[Result "1-0"]
[Round "10"]
[TimeControl "180+2"]
[Date "2023.05.16"]
[WhiteClock "0:00:24"]
[BlackClock "0:00:15"]

1. c4 c6 2. Nf3 d5 3. g3 Nf6 4. Bg2 g6 5. b3 Bg7 6. Bb2 O-O 7. O-O a6 8. d3 Bg4 9. Ne5 Bf5 10. Qc2 Nbd7 11. Nxd7 Qxd7 12. Nd2 Bh3 13. Rad1 Bxg2 14. Kxg2 Rac8 15. e4 dxe4 16. dxe4 Qg4 17. f3 Qe6 18. Rf2 Rfd8 19. Nf1 Rxd1 20. Qxd1 Bh6 21. Qd4 c5 22. Qd3 Qd7 23. Qxd7 Nxd7 24. f4 Kf8 25. Rd2 Ke8 26. Ne3 e6 27. Kf3 Ke7 28. h4 Rd8 29. h5 Ne5+ 30. Ke2 Rxd2+ 31. Kxd2 Nd7 32. hxg6 hxg6 33. Ke2 f5 34. Kf3 Nf6 35. Bxf6+ Kxf6 36. g4 fxe4+ 37. Kxe4 Ke7 38. g5 Bg7 39. Ng4 Kd6 40. a4 b6 41. Nf2 Bd4 42. Nd3 Bc3 43. Kf3 Bd4 44. Kg4 Bc3 45. Nf2 Bd4 46. Ne4+ Ke7 47. Kf3 Bg7 48. Ke3 Bb2 49. Kd3 Bg7 50. a5 bxa5 51. Nxc5 Kd6 52. Ne4+ Ke7 53. Nd2 Bb2 54. Nf3 Bc1 55. Ke4 Bb2 56. Ne5 Bxe5 57. Kxe5 a4 58. bxa4 a5 59. c5 Kd7 60. Kf6 Kc6 61. Kxe6 Kxc5 62. f5 gxf5 63. Kxf5 Kb4 64. g6 Kxa4 65. g7 Ka3 66. g8=Q a4 67. Qb8 Ka2 68. Qb5 a3 69. Qb4 Ka1 70. Qxa3+ Kb1 71. Qe3 Kc2 72. Ke4 Kd1 73. Qf2 Kc1 74. Kd3 Kb1 75. Kc3 Ka1 76. Qb2# 1-0


[Site "https://www.chess.com"]

[Event "Titled Tuesday Blitz May 16 Early 2023"]
[White "Simonian, Hrair"]
[Black "Devaev, Alexander"]
[WhiteFideId "13302337"]
[BlackFideId "4169395"]
[WhiteElo "2447"]
[BlackElo "2172"]
[Result "1-0"]
[Round "10"]
[TimeControl "180+2"]
[Date "2023.05.16"]
[WhiteClock "0:01:53"]
[BlackClock "0:00:43"]

1. e4 c6 2. d4 d5 3. Nc3 dxe4 4. Nxe4 Bf5 5. Ng3 Bg6 6. h4 h6 7. Nh3 e6 8. Nf4 Bh7 9. c3 Nf6 10. Bc4 Bd6 11. Nfh5 O-O 12. Bg5 Be7 13. Qf3 Nbd7 14. Bf4 Nb6 15. Bd3 Bxd3 16. Qxd3 Nbd5 17. Bd2 c5 18. O-O-O cxd4 19. Qxd4 Rc8 20. Kb1 Qa5 21. c4 Nb4 22. a3 Nxh5 23. axb4 Bxb4 24. Bxb4 Qxb4 25. Nxh5 f6 26. Qd7 Qxc4 27. Qxg7# 1-0


[Site "https://www.chess.com"]

[Event "Titled Tuesday Blitz May 16 Early 2023"]
[White "Goncalves, Davi Sulzbacher"]
[Black "Nitish Belurkar"]
[WhiteFideId "2154510"]
[BlackFideId "5084768"]
[WhiteElo "2182"]
[BlackElo "2352"]
[Result "0-1"]
[Round "10"]
[TimeControl "180+2"]
[Date "2023.05.16"]
[WhiteClock "0:00:00"]
[BlackClock "0:01:45"]

1. Nf3 Nf6 2. d4 g6 3. c4 Bg7 4. Nc3 d6 5. e4 O-O 6. Be2 c5 7. d5 e6 8. O-O exd5 9. exd5 Bg4 10. Re1 Bxf3 11. Bxf3 a6 12. Bf4 Qc7 13. g4 Nfd7 14. Re7 Bf6 15. Re3 Ne5 16. Ne4 Bg7 17. Be2 Nbd7 18. Rc1 Rae8 19. Bg3 f5 20. Ng5 f4 21. Ne6 Rxe6 22. dxe6 fxe3 23. exd7 exf2+ 24. Bxf2 Qxd7 25. Qd5+ Kh8 26. Bg3 Nxg4 27. Qxd6 Bd4+ 28. Kh1 Qxd6 29. Bxd6 Nf2+ 30. Kg2 Rf6 31. Bg3 Ne4 32. b3 Nxg3 33. Kxg3 Rf2 34. Re1 h5 35. h4 Kg7 36. Bd3 Rxa2 37. Re7+ Kf6 38. Rxb7 Bf2+ 39. Kf3 Bxh4 40. Rb6+ Ke5 41. Bxg6 Rf2+ 42. Ke3 Rh2 43. Bf7 Bf2+ 44. Kf3 h4 45. Rxa6 Bd4 46. Rh6 Rf2+ 47. Kg4 Rf4+ 48. Kh3 Rxf7 49. Rxh4 Rf3+ 50. Kg2 Rxb3 51. Kf1 Rc3 52. Ke2 Rxc4 53. Rh5+ Ke4 54. Rh4+ Kd5 55. Kd3 Rc3+ 56. Kd2 Kc4 57. Rg4 Rf3 58. Ke2 Rf2+ 59. Ke1 Rb2 60. Kd1 Kd3 61. Rg3+ Be3 0-1


[Site "https://www.chess.com"]

[Event "Titled Tuesday Blitz May 16 Early 2023"]
[White "Kramnik, Vladimir"]
[Black "Fan_Of_Chucky"]
[WhiteFideId "4101588"]
[WhiteElo "2703"]
[BlackElo "2408"]
[Result "1-0"]
[Round "10"]
[TimeControl "180+2"]
[Date "2023.05.16"]
[WhiteClock "0:00:37"]
[BlackClock "0:00:00"]

1. c4 c5 2. g3 g6 3. Bg2 Bg7 4. Nc3 Nc6 5. d3 d6 6. Qd2 e6 7. b3 Nge7 8. Bb2 O-O 9. h4 d5 10. h5 Qa5 11. Nf3 d4 12. Ne4 Qxd2+ 13. Kxd2 b6 14. hxg6 hxg6 15. Nd6 Rd8 16. Nxc8 Raxc8 17. a3 a5 18. Ng5 Bf6 19. Ne4 Bg7 20. Kc2 f6 21. g4 Kf7 22. f4 Rc7 23. Rh7 Rh8 24. Rxh8 Bxh8 25. Rh1 Bg7 26. Nd6+ Kg8 27. Bc1 Rd7 28. Nb5 f5 29. Rg1 Kf7 30. Bd2 Na7 31. gxf5 exf5 32. Nxa7 Rxa7 33. Bf3 Bf8 34. Rh1 Kg7 35. e3 dxe3 36. Bxe3 Ng8 37. d4 Re7 38. Kd3 Rd7 39. Bc6 Rd6 40. d5 Be7 41. b4 axb4 42. axb4 Rd8 43. Ra1 Bd6 44. Ra6 Bc7 45. Ra7 Rc8 46. Bd7 Rd8 47. Rxc7 1-0


[Site "https://www.chess.com"]

[Event "Titled Tuesday Blitz May 16 Early 2023"]
[White "Vlassov, Nikolai"]
[Black "Galchenko, Matvey"]
[WhiteFideId "4103360"]
[BlackFideId "24175480"]
[WhiteElo "2324"]
[BlackElo "2423"]
[Result "0-1"]
[Round "10"]
[TimeControl "180+2"]
[Date "2023.05.16"]
[WhiteClock "0:00:00"]
[BlackClock "0:00:03"]

1. e4 e6 2. d4 d5 3. e5 c5 4. c3 Qb6 5. Nf3 Nc6 6. a3 Nh6 7. b4 cxd4 8. Bxh6 gxh6 9. cxd4 Bd7 10. Nc3 Nxb4 11. axb4 Bxb4 12. Qd3 Rc8 13. Rc1 Qa5 14. Kd2 Qa3 15. h4 Rxc3 16. Rxc3 Qb2+ 17. Ke3 Qxc3 18. Qxc3 Bxc3 19. Bd3 Kd8 20. Rb1 Bc6 21. Nh2 h5 22. Be2 a5 23. Rb3 Bb4 24. Bxh5 Ke7 25. Ng4 Bb5 26. Nh6 Rc8 27. Bxf7 Rc2 28. Bg8 Bd2+ 29. Kf3 Bxh6 30. Rxb5 Rc3+ 31. Kg4 Rc7 32. Rxa5 Bd2 33. Rb5 Bc3 34. Rb6 Bxd4 35. Rxe6+ Kf8 36. Bxh7 Rxh7 37. Rd6 Bxe5 38. Rxd5 Bc7 39. f4 Rg7+ 40. Kf3 Rg6 41. g4 Ra6 42. g5 Ra4 43. Rf5+ Ke7 44. h5 Ra1 45. h6 Rh1 0-1


[Site "https://www.chess.com"]

[Event "Titled Tuesday Blitz May 16 Early 2023"]
[White "Mekhitarian, Krikor Sevag"]
[Black "Borgaonkar Akshay"]
[WhiteFideId "2107660"]
[BlackFideId "25639110"]
[WhiteElo "2604"]
[BlackElo "2063"]
[Result "1-0"]
[Round "10"]
[TimeControl "180+2"]
[Date "2023.05.16"]
[WhiteClock "0:00:04"]
[BlackClock "0:00:00"]

1. Nf3 Nf6 2. c4 g6 3. Nc3 Bg7 4. e4 d6 5. d4 O-O 6. h3 c5 7. d5 e6 8. Bd3 exd5 9. exd5 Re8+ 10. Be3 Rxe3+ 11. fxe3 Nbd7 12. O-O Qe7 13. Qd2 b6 14. Rf2 Ba6 15. Re1 Nh5 16. g4 Nhf6 17. b3 Ne5 18. Nxe5 Qxe5 19. Ne2 h5 20. gxh5 Nxh5 21. Ref1 f5 22. Rg2 Kh7 23. Nf4 Bh6 24. Qf2 Nxf4 25. exf4 Qc3 26. Qg3 Rg8 27. Kh2 Bc8 28. Rf3 Qd4 29. Re2 Rg7 30. Qh4 Bd7 31. Re7 Qb2+ 32. Kh1 Qa1+ 33. Rf1 Qd4 34. Rxg7+ Kxg7 35. Qe7+ Kh8 36. Qd8+ Kh7 37. Qxd7+ Bg7 38. Bxf5 gxf5 39. Qxf5+ Kh8 40. Qh5+ Kg8 41. Qf3 Bf6 42. Rf2 Qa1+ 43. Kg2 Bd4 44. Qg4+ Kh8 45. Qh5+ Kg7 46. Qe2 Bxf2 47. Qxf2 Kf6 48. Kh2 Kf5 49. Qd2 Qd4 50. Qxd4 cxd4 51. Kg3 Ke4 52. Kf2 Kd3 53. f5 Kc2 54. f6 d3 55. f7 d2 56. f8=Q d1=Q 57. Qf5+ Kb2 58. Qf3 Qd4+ 59. Qe3 Qf6+ 60. Kg3 Kxa2 61. h4 Qg6+ 62. Kh3 Qf5+ 63. Kg3 Qg6+ 64. Kf2 Qf5+ 65. Qf3 Qc2+ 66. Kg3 Qg6+ 67. Kh3 a5 68. h5 Qg5 69. Qg4 Qe3+ 70. Qg3 Qh6 71. Qf3 Qg5 72. Kh2 Qh4+ 73. Kg2 Qg5+ 74. Kh3 Qh6 75. Kg4 Qg7+ 76. Kh4 Qh6 77. Qg3 Qh7 78. Qg6 Qh8 79. h6 Kxb3 80. Qg7 1-0


[Site "https://www.chess.com"]

[Event "Titled Tuesday Blitz May 16 Early 2023"]
[White "Petrosyan, Manuel"]
[Black "vlajkovicS"]
[WhiteFideId "13300857"]
[WhiteElo "2576"]
[BlackElo "2635"]
[Result "0-1"]
[Round "10"]
[TimeControl "180+2"]
[Date "2023.05.16"]
[WhiteClock "0:00:00"]
[BlackClock "0:00:36"]

1. e4 e6 2. d4 a6 3. Nf3 b5 4. a4 b4 5. Bd3 Bb7 6. O-O Nf6 7. Re1 Be7 8. h3 d6 9. Bf4 Nbd7 10. Nbd2 c5 11. Nc4 Qc7 12. e5 dxe5 13. Nfxe5 Nxe5 14. Bxe5 Qc6 15. f3 O-O 16. Na5 Qb6 17. Nxb7 Qxb7 18. Bxf6 Bxf6 19. Be4 Qc7 20. Bxa8 Bxd4+ 21. Kh1 Rxa8 22. Rb1 Qg3 23. Qe2 a5 24. b3 g6 25. Rbd1 Bc3 26. Qe4 Rc8 27. Re2 c4 28. bxc4 Rc5 29. Qg4 Qc7 30. Qh4 Kg7 31. Re4 Bf6 32. Qf4 Be5 33. Qe3 Bf6 34. Rd7 Qxd7 35. Qxc5 Qd1+ 36. Kh2 Qxc2 37. Qxa5 b3 38. Qb5 b2 39. Re1 Qc1 40. Rxc1 bxc1=Q 41. a5 Qf4+ 42. Kh1 Be5 43. Kg1 Bd4+ 44. Kf1 Qd2 0-1


[Site "https://www.chess.com"]